 Dungeon Crawl Stone Soup version 0.31-a0-174-g85c54bcb58 (webtiles) character file.

Game seed: 16308855891644122893

776 IdlyInterested the Trooper (level 7, -1/60 HPs)
             Began as a Demonspawn Gladiator on June 15, 2023.
             Killed from afar by Dowan (14 damage)
             ... with a shard of ice
             ... on level 5 of the Dungeon.
             The game lasted 00:14:04 (4123 turns).

IdlyInterested the Trooper (Demonspawn Gladiator)   Turns: 4123, Time: 00:14:05

Health: -1/60      AC: 10    Str: 16    XL:     7   Next: 54%
Magic:  7/7        EV:  5    Int: 10    God:
Gold:   225        SH:  0    Dex: 20    Spells: 6/6 levels left

rFire   . . .        k - +3 spear (venom)
rCold   . . .        (no shield)
rNeg    . . .        t - +0 plate armour
rPois   .            (helmet restricted)
rElec   .            (no cloak)
rCorr   .            (no gloves)
SInv    +            (no boots)
Will    .....        (no amulet) Stlth
                     n - +6 ring of dexterity
HPRegen 0.30/turn    s - ring of see invisible
MPRegen 0.10/turn

%: no passive effects
@: no status effects
A: claws 1, hooves 1, horns 2
a: no special abilities


You were on level 5 of the Dungeon.
You visited 1 branch of the dungeon, and saw 5 of its levels.

You collected 225 gold pieces.

Inventory:

Hand Weapons
 a - a +0 rapier
 b - a +0 short sword of venom
 k - a +3 spear of venom (weapon)
 l - a +0 falchion
 o - a +0 dagger of venom
 v - a +2 dagger of protection
Missiles
 d - 3 throwing nets
 e - 3 javelins
 f - 20 stones (quivered)
 q - a boomerang of dispersal
Armour
 g - a +0 ring mail
 t - a +0 plate armour (worn)
Jewellery
 n - a +6 ring of dexterity (left claw)
 s - a ring of see invisible (right claw)
Wands
 j - a wand of paralysis (12)
Scrolls
 r - a scroll of summoning
 y - a scroll of teleportation
Potions
 c - a potion of cancellation
 h - 3 potions of haste
 i - 2 potions of curing
 m - a potion of might {unknown}
 p - a potion of enlightenment
 u - a potion of attraction {unknown}


   Skills:
 * Level 7.2 Fighting
 - Level 2.6 Short Blades
 - Level 2.0 Throwing
 - Level 2.0 Armour
 - Level 2.6 Dodging
 + Level 1.7 Stealth
 - Level 2.0 Unarmed Combat
 - Level 2.0 Evocations


You had 6 spell levels left.
You didn't know any spells.
Your spell library contained the following spells:

 Spells                   Type           Power      Damage    Failure   Level
 Beastly Appendage        Tmut           0%         N/A       100%        1
 Magic Dart               Conj           0%         1d3       100%        1
 Searing Ray              Conj           0%         2d4       100%        2
 Wereblood                Tmut           0%         N/A       100%        2
 Spider Form              Tmut/Pois      0%         N/A       100%        3
 Fulminant Prism          Conj/Hex       0%         3d5       100%        4


Dungeon Overview and Level Annotations

Branches:
Dungeon (5/15)
 Temple: D:4-7

Altars:

Shops:
D:2 =   D:4 ?(=

Annotations:
D:5 Dowan


Innate Abilities, Weirdness & Mutations

You have sharp fingernails.
You have large cloven feet.
You have a pair of horns on your head.


Message History

Duvessa hits you with a +0 short sword.
You hit Duvessa.
Duvessa looks as sick as possible!
You kick Duvessa, but do no damage.
Duvessa is heavily wounded.
Duvessa hits you with a +0 short sword!
You barely miss Duvessa. Your kick misses Duvessa.
Duvessa is severely wounded.
Duvessa hits you with a +0 short sword.
You hit Duvessa but do no damage.
Duvessa looks as sick as possible!
You headbutt Duvessa, but do no damage. Your claw misses Duvessa.
Duvessa is severely wounded.
Duvessa hits you with a +0 short sword!
Reach: k) +3 spear (venom)
Press: ? - help, Dir - move target, f - Dowan
Aim: Dowan, wielding a +1 dagger of holy wrath and wearing a +0 robe (about 38% to evade your +3 spear of venom)
You reach to attack!
You barely miss Dowan. Duvessa hits you with a +0 short sword.
Unknown command.
Reach: k) +3 spear (venom)
Press: ? - help, Dir - move target, f/p - Dowan
Aim: Dowan, wielding a +1 dagger of holy wrath and wearing a +0 robe (about 38% to evade your +3 spear of venom)
You reach to attack!
You hit Dowan.
Dowan is poisoned.
Dowan is lightly wounded.
You kill Duvessa!
Dowan screams, "No!
No!"
Dowan seems to find hidden reserves of power!
Dowan gestures at you while chanting. The stone arrow hits you!
* * * LOW HITPOINT WARNING * * *
Your Fighting skill increases to level 7!
You hit Dowan.
Dowan looks as sick as possible!
You headbutt Dowan.
Dowan is heavily wounded.
Dowan casts a spell.
Dowan blinks!
Dowan says, "How can I live without her?"
Dowan drinks a potion.
Dowan is healed!
Dowan looks more healthy.
A sleepcap comes into view.
Dowan casts a spell at you. The shard of ice hits you!
You die...

#. #.# #. #.#
####### #. #.#
#.....# #. .f.
#.....####. #.#
#........#! #.#
#.....##.## #e#
#.....##... #@#
########### #.##
######### #..
###..###.......# #.#
#........#...#.# #.#
#.##.##........###.#
#. #.##..#.........#
# #...........#####
####........#
#.#####.##...###


You could see a sleepcap and Dowan (fast).

Vanquished Creatures
  Duvessa (D:5)
  A black bear (D:4)
  A scorpion (D:4)
  A gnoll sergeant (D:5)
  A howler monkey (D:5)
  2 hounds
  2 iguanas (D:4)
  Jessica (D:2)
  4 orc wizards
  3 gnolls (D:5)
  6 adders
  A worm (D:2)
  A dart slug (D:4)
  13 orcs
  9 ball pythons
  4 endoplasms
  7 giant cockroaches
  8 goblins
  6 hobgoblins
  3 jackals (D:3)
  4 quokkas
  A bat (D:1)
  4 frilled lizards
  12 kobolds
  3 rats
99 creatures vanquished.

Notes
Turn   | Place    | Note
-------+----------+-------------------------------------------
     0 | D:1      | IdlyInterested the Demonspawn Gladiator began the quest for
                  | the Orb.
     0 | D:1      | Reached XP level 1. HP: 16/16 MP: 1/1
   162 | D:1      | Reached skill level 1 in Armour
   162 | D:1      | Discovered your monstrous ancestry.
   162 | D:1      | Gained mutation: You have a pair of small horns on your
                  | head. [demonic ancestry]
   162 | D:1      | Reached XP level 2. HP: 19/23 MP: 2/2
   292 | D:1      | Reached skill level 1 in Stealth
   356 | D:1      | Gained mutation: You have a pair of horns on your head.
                  | [demonic ancestry]
   356 | D:1      | Reached XP level 3. HP: 17/28 MP: 3/3
   715 | D:2      | Found Jeras's Jewellery Emporium.
   850 | D:2      | Reached skill level 3 in Fighting
   853 | D:2      | Reached skill level 1 in Evocations
   948 | D:2      | Noticed Jessica
   953 | D:2      | Killed Jessica
   954 | D:2      | Gained mutation: You have large cloven feet. [demonic
                  | ancestry]
   954 | D:2      | Reached XP level 4. HP: 25/35 MP: 4/4
  1310 | D:2      | Found a faded altar of an unknown god.
  2207 | D:3      | Reached skill level 4 in Fighting
  2488 | D:4      | Reached XP level 5. HP: 42/42 MP: 5/5
  2501 | D:4      | Noticed a black bear
  2517 | D:4      | Killed a black bear
  2518 | D:4      | Reached skill level 5 in Fighting
  2603 | D:4      | Gained mutation: You have sharp fingernails. [demonic
                  | ancestry]
  2603 | D:4      | Reached XP level 6. HP: 30/51 MP: 6/6
  2730 | D:4      | Found Lehuklaq's Weapon Boutique.
  2987 | D:4      | Found Felefaupp's Magic Scroll Emporium.
  3150 | D:4      | Reached skill level 6 in Fighting
  3195 | D:4      | Found Taxas's Jewellery Shoppe.
  3404 | D:5      | Entered Level 5 of the Dungeon
  3420 | D:5      | Reached skill level 1 in Unarmed Combat
  3487 | D:5      | Reached XP level 7. HP: 53/59 MP: 7/7
  4105 | D:5      | Noticed Duvessa
  4105 | D:5      | Noticed Dowan
  4119 | D:5      | Killed Duvessa
  4120 | D:5      | Reached skill level 7 in Fighting
  4123 | D:5      | Killed from afar by Dowan

Illustrated notes

Levels and vault maps discovered:
D:1:      eino_arrival_cavern_b, layout_basic, amcnicky_mini_pool_small
D:2:      layout_basic, serial_shops, nicolae_shop_peninsula,
          basic_ecumenical_altar, uniq_jessica
D:3:      layout_basic
D:4:      layout_cave_pools, serial_shops, shop, nicolae_shop_advertising_works
          [nicolae_subvault_shop_adworks], nicolae_shop_just_a_little_nook
D:5:      layout_loops_cross, uniq_duvessa

Skill      XL: |  1  2  3  4  5  6  7 |
---------------+----------------------+-----
Armour         | 1 2 |  2.0
Stealth        | 1 |  1.7
Fighting       | 3 4 5 6 7 |  7.2
Evocations     | 1 2 |  2.0
Throwing       | 2 |  2.0
Unarmed Combat | 1 2 |  2.0
Short Blades   | |  2.6
Dodging        | |  2.6

Action                     |  1- 3 |  4- 6 |  7- 9 || total
---------------------------+-------+-------+-------++-------
  Melee: Rapier            |    95 |       |       ||    95
         Headbutt          |    12 |    43 |    12 ||    67
         Punch             |     1 |     1 |     1 ||     3
         Dagger            |       |   136 |       ||   136
         Kick              |       |    59 |    14 ||    73
         Short sword       |       |    34 |    26 ||    60
         Spear             |       |       |    13 ||    13
  Throw: Stone             |     9 |     5 |     6 ||    20
    Use: Scroll            |       |     6 |     4 ||    10
         Potion            |       |     2 |     1 ||     3
   Stab: Sleeping          |       |     1 |       ||     1
 Armour: Ring mail         |    29 |    20 |       ||    49
         Plate armour      |       |   109 |    13 ||   122
  Dodge: Dodged            |    51 |    65 |     7 ||   123

Table legend: (Time is in decaauts)
 A = Elapsed time spent in this place.
 B = Non-inter-level travel time spent in this place.
 C = Inter-level travel time spent in this place.
 D = Time resting spent in this place.
 E = Time spent auto-exploring this place.
 F = Levels seen in this place.
 G = Mean time per level.
                   A        B        C        D        E       F      G
               +--------+--------+--------+--------+--------+-----+--------+
         Total |   4113 |   3555 |    558 |    562 |   1929 |   5 |  822.6 |
       Dungeon |   4113 |   3555 |    558 |    562 |   1929 |   5 |  822.6 |
               +--------+--------+--------+--------+--------+-----+--------+

Top non-repeatable levels by time:
     D:3: 1054 daAuts
     D:1: 897 daAuts
     D:4: 832 daAuts
     D:2: 698 daAuts
     D:5: 631 daAuts
